 Dungeon Crawl Stone Soup version 0.14.0-15-g6b16f67 (webtiles) character file.

303 Heini the Covered (level 5, -8/47 HPs)
             Began as a Minotaur Fighter on Apr 18, 2014.
             Killed by divine providence
             ... invoked by an orc priest
              (13 damage)
             ... on Level 3 of the Dungeon.
             The game lasted 00:05:14 (1900 turns).

Heini the Covered (Minotaur Fighter)                Turns: 1900, Time: 00:05:14

HP  -8/47        AC 11     Str 20      XL: 5   Next: 38%
MP   2/2         EV  5     Int  5      God:
Gold 117         SH 19     Dex 11      Spells:  0 memorised,  4 levels left

rFire  . . .     SeeInvis .     a - +0 flail
rCold  . . .     Clarity  .     h - +0 chain mail
rNeg   . . .     Conserve .     c - +0 shield
rPois  .         rCorr    .     (helmet restricted)
rElec  .         rRot     .     (no cloak)
SustAb . .       Spirit   .     (no gloves)
rMut   .         Warding  .     i - +0 pair of boots
Saprov . . .     Stasis   .     (no amulet)
MR     .....                    (no ring)
                                (no ring)

@: not resistant to hostile enchantments, extremely unstealthy
A: retaliatory headbutt, horns 2
a: no special abilities


You were on level 3 of the Dungeon.
You were hungry.

You visited 1 branch of the dungeon, and saw 3 of its levels.

You collected 117 gold pieces.

Inventory:

Hand weapons
 a - a +0,+0 flail (weapon)
 e - a +0,+0 flail
Armour
 b - a +0 scale mail
 c - a +0 shield (worn)
 h - a +0 chain mail (worn)
 i - a +0 pair of boots (worn)
Comestibles
 d - 3 bread rations
 k - 2 apples
 l - a rotting chunk of orc flesh
 u - a chunk of giant gecko flesh
Scrolls
 j - 4 scrolls of enchant weapon I {unknown}
 n - 3 scrolls of remove curse {unknown}
 q - 4 scrolls of enchant armour {unknown}
 r - a scroll of immolation {unknown}
 t - a scroll of enchant weapon II {unknown}
Jewellery
 g - an uncursed ring of protection from fire {unknown}
 p - an uncursed ring of fire {unknown}
Potions
 f - a potion of curing
 m - a potion of mutation {unknown}
 o - a potion of agility {unknown}
 s - 2 potions of flight {unknown}


   Skills:
 * Level 4.4 Fighting
 * Level 4.2 Maces & Flails
 * Level 5.2 Armour
 + Level 1.4 Dodging
 - Level 4.0 Shields


You had 4 spell levels left.
You didn't know any spells.

Dungeon Overview and Level Annotations

Branches:
Dungeon (3/15)

Altars:


Innate Abilities, Weirdness & Mutations

You reflexively headbutt those who attack you in melee.
You have a pair of horns on your head.


Message History

The orc barely misses you. The orc hits you but does no damage.
The orc priest hits you but does no damage.
The orc hits you but does no damage.
You hit the orc priest but do no damage.
Your headbutt misses the orc priest.
The orc priest is lightly wounded.
The orc hits you with a hand axe. You block the orc priest's attack.
You block the orc's attack. The orc closely misses you.
You furiously retaliate!
You headbutt the orc, but do no damage. You hit the orc priest.
The orc priest is heavily wounded.
The orc priest invokes the aid of Beogh against you.
Something smites you!
* * * LOW HITPOINT WARNING * * *
The orc hits you but does no damage. You block the orc's attack.
You barely miss the orc priest. Your headbutt misses the orc priest.
The orc priest is heavily wounded.
The orc priest mumbles some strange prayers to Beogh against you.
Something smites you!
You die...

# .... #.... ##....
....... #.....
#.....## #....oo#
###.####@#
.......o.# #######
###.###.(#####
#.....# #..(...#
#.###.# #.####.####
#.#.%.#
#.........###.#.###
#####.......%.#.# #
........#.###.#.###
#..(#....###.#....


You could see an orc priest and 2 orcs.

Vanquished Creatures
  A crimson imp (D:3)
  An orc priest (D:3)
  An orc wizard (D:3)
  Terence (D:2)
  2 adders (D:2)
  A worm (D:3)
  A giant gecko (D:3)
  6 orcs (D:3)
  8 bats
  7 goblins
  9 hobgoblins
  4 kobolds (D:1)
  3 giant cockroaches
  A giant newt (D:1)
  14 rats
60 creatures vanquished.

Notes
Turn   | Place    | Note
--------------------------------------------------------------
     0 | D:1      | Heini, the Minotaur Fighter, began the quest for the Orb.
     0 | D:1      | Reached XP level 1. HP: 19/19 MP: 1/1
    32 | D:1      | Reached skill level 4 in Shields
    90 | D:1      | Reached XP level 2. HP: 25/27 MP: 1/1
   883 | D:2      | Reached XP level 3. HP: 33/33 MP: 2/2
  1158 | D:2      | Noticed Terence
  1165 | D:2      | Killed Terence
  1415 | D:2      | Reached XP level 4. HP: 23/40 MP: 2/2
  1420 | D:2      | Reached skill level 1 in Dodging
  1562 | D:3      | Reached skill level 5 in Armour
  1562 | D:3      | Reached XP level 5. HP: 24/46 MP: 2/2
  1900 | D:3      | Killed from afar by an orc priest

Action                   |  1- 3 |  4- 6 || total
-------------------------+-------+-------++-------
Melee: Flail             |   130 |    62 ||   192
  Use: Potion            |     1 |     1 ||     2
